 Dungeon Crawl Stone Soup version 0.22-a0-618-gd6a3efe (webtiles) character file.

7321 sking99 the Grappler (level 11, -7/97 HPs)
             Began as an Ogre Transmuter on July 13, 2018.
             Was an Elder of Makhleb.
             Killed from afar by Harold (31 damage)
             ... with a bolt of fire
             ... on level 1 of the Lair of Beasts.
             The game lasted 00:24:17 (12972 turns).

sking99 the Grappler (Ogre Transmuter)             Turns: 12972, Time: 00:24:18

Health: -7/97      AC:  2    Str: 21    XL:     11   Next: 13%
Magic:  9/14       EV: 24    Int: 14    God:    Makhleb [****..]
Gold:   496        SH:  0    Dex: 17    Spells: 5/14 levels left

rFire    . . .     SeeInvis .     - Unarmed
rCold    + . .     Gourm    .   (shield currently unavailable)
rNeg     . . .     Faith    .   (armour currently unavailable)
rPois    x         Spirit   .   (helmet currently unavailable)
rElec    .         Reflect  .   (cloak currently unavailable)
rCorr    .         Harm     .   (gloves unavailable)
MR       +....                  (boots unavailable)
Stlth    ++........             (no amulet)
HPRegen  0.26/turn              k - ring of protection from cold
MPRegen  0.14/turn              G - +5 ring of strength

@: spider-form, very slightly contaminated
A: tiny, unfitting armour
a: End Transformation, Minor Destruction, Lesser Servant of Makhleb, Major
Destruction, Renounce Religion


You were on level 1 of the Lair of Beasts.
You worshipped Makhleb.
Makhleb was greatly pleased with you.
You were very hungry.
You were a venomous arachnid creature.
You visited 2 branches of the dungeon, and saw 12 of its levels.

You collected 496 gold pieces.

Inventory:

Missiles
 a - 241 arrows
 B - 2 throwing nets (quivered)
Armour
 h - a +1 cloak (melded)
 E - a +0 troll leather armour (melded)
Jewellery
 f - an uncursed ring of positive energy
 g - an uncursed ring of protection from magic
 k - a ring of protection from cold (left front leg)
 z - an uncursed ring of protection from fire
 A - an uncursed ring of protection from magic
 G - a +5 ring of strength (right front leg)
Wands
 q - a wand of iceblast (26)
 t - a wand of disintegration (9)
 C - a wand of enslavement (14)
 D - a wand of paralysis (2)
 F - a wand of scattershot (4)
Scrolls
 j - 3 scrolls of remove curse
 m - a scroll of blinking {unknown}
 o - 3 scrolls of amnesia
 w - 2 scrolls of teleportation
 x - a scroll of fear {unknown}
 y - 4 scrolls of identify
 H - a scroll of summoning {unknown}
 J - a scroll of brand weapon
 K - a scroll of enchant armour
 L - a scroll of immolation {unknown}
Potions
 b - 2 potions of heal wounds {unknown}
 c - 4 potions of agility
 e - 5 potions of curing
 i - 3 potions of cancellation
 l - 2 potions of lignification
 n - 2 potions of might
 p - a potion of flight
 r - a potion of berserk rage
 s - 3 potions of brilliance
 u - a potion of ambrosia
 v - a potion of magic {unknown}
 I - a potion of invisibility
Comestibles
 d - 23 rations


   Skills:
 - Level 3.0 Fighting
 - Level 6.0 Dodging
 + Level 11.8 Unarmed Combat
 - Level 2.4 Spellcasting
 + Level 6.8 Transmutations
 - Level 4.1 Ice Magic
 - Level 1.0 Poison Magic


You had 5 spell levels left.
You knew the following spells:

 Your Spells              Type           Power        Failure   Level  Hunger
a - Ice Form              Ice/Tmut       ###.....     45%         4    #####..
b - Sticks to Snakes      Tmut           ###.....     8%          2    ###....
c - Spider Form           Tmut/Pois      ##........   32%         3    ###....

Your spell library contained the following spells:

 Spells                   Type           Power        Failure   Level  Hunger
 Confuse                  Hex            #.......     77%         3    ###....
 Freeze                   Ice            ##..         13%         1    #......
 Ozocubu's Armour         Chrm/Ice       #.......     52%         3    ###....
 Tukima's Dance           Hex            #.......     77%         3    ###....
 Shock                    Conj/Air       #...         43%         1    #......
 Blade Hands              Tmut           ###.......   58%         5    ######.
 Deflect Missiles         Chrm/Air       #.........   100%        6    #######
 Airstrike                Air            #.........   98%         4    #####..
 Ensorcelled Hibernation  Hex/Ice        #.....       34%         2    ###....
 Static Discharge         Conj/Air       #.......     77%         3    ###....
 Corona                   Hex            #......      43%         1    #......
 Beastly Appendage        Tmut           ###...       6%          1    #......
 Dazzling Spray           Conj/Hex       #.....       77%         3    ###....


Dungeon Overview and Level Annotations

Branches:
Dungeon (11/15)            Temple (0/1) D:5            Lair (1/6) D:10
    Orc: D:9-12

Altars:
Ashenzari
Cheibriados
Dithmenos
Gozag
Hepliaklqana
Makhleb
Okawaru
Sif Muna
Trog
Uskayaw
Vehumet
Xom

Shops:
D:6 }   D:11 [

Annotations:
D:3 1 runed door, Meatbag's ghost, amateur MiFi
Lair:1 Harold


Innate Abilities, Weirdness & Mutations

You are too large for most types of armour.
((You have tough skin. (AC +1)))


Message History

You maul Harold!!
Harold looks as sick as possible!
Harold is moderately wounded.
Harold closely misses you.
You bite Harold!
Harold is heavily wounded.
You hit Harold but do no damage.
Harold is heavily wounded.
Harold hits you with a flail!!
* * * LOW HITPOINT WARNING * * *
Unknown command.
You hit Harold.
Harold is severely wounded.
Harold completely misses you.
You hit Harold.
Harold looks as sick as possible!
Harold is severely wounded.
You hit Harold.
Harold is severely wounded.
Harold casts a spell at you. The bolt of fire hits you!
You die...

#.....##
#....## #..###
#..# #..##
#...# ##(## #.#
#s# .... #@##
.@.. #..# .....
#.## .....
#.### ....§.
####...#
.....P##P##...#
.............##
..r......†....#


You could see Harold.

Vanquished Creatures
  Erica (D:8)
  A centaur skeleton (D:10)
  A troll (D:11)
  Grinder (D:5)
  A hippogriff (Lair:1)
  Prince Ribbit (D:5)
  A meliai zombie (D:11)
  Sigmund (D:5)
  Eustachio (D:4)
  A hungry ghost (D:10)
  An acid dragon (D:7)
  3 water moccasins
  A porcupine (Lair:1)
  3 sky beasts
  2 ice beasts (D:8)
  3 orc warriors
  2 black bears
  A phantom (D:7)
  8 centaurs
  5 ogres
  A big kobold (D:8)
  9 bullfrogs
  Blork the orc (D:6)
  A scorpion (D:10)
  3 howler monkeys
  A bullfrog zombie (D:8)
  11 crimson imps
  3 hounds
  A jelly (D:9)
  9 orc wizards
  7 orc priests
  4 iguanas
  6 worker ants
  A hound zombie (D:6)
  A hound skeleton (D:9)
  2 worker ant zombies
  8 gnolls
  9 adders
  A shadow imp (D:7)
  An adder skeleton (D:5)
  3 adder zombies
  2 worms
  2 dart slugs
  5 leopard geckos
  41 orcs
  A ball python (D:1)
  5 giant cockroaches
  7 goblins
  5 hobgoblins
  18 jackals
  10 kobolds
  A quokka (D:6)
  4 bats
  4 frilled lizards
  A leopard gecko skeleton (D:4)
  A leopard gecko zombie (D:7)
  A quokka zombie (D:7)
  4 rats
234 creatures vanquished.

Vanquished Creatures (collateral kills)
  An adder (D:3)
  A shadow imp (D:5)
  A worm (D:3)
  A bat (D:3)
4 creatures vanquished.

Vanquished Creatures (others)
  A fungus (Lair:1)
1 creature vanquished.

Grand Total: 239 creatures vanquished

Notes
Turn   | Place    | Note
-------+----------+-------------------------------------------
     0 | D:1      | sking99 the Ogre Transmuter began the quest for the Orb.
     0 | D:1      | Reached XP level 1. HP: 19/19 MP: 3/3
    64 | D:1      | You fall through a shaft!
   199 | D:2      | Reached skill level 3 in Unarmed Combat
   207 | D:2      | Reached XP level 2. HP: 28/28 MP: 5/5
   668 | D:1      | Reached XP level 3. HP: 30/36 MP: 6/6
  1334 | D:1      | Learned a level 2 spell: Sticks to Snakes
  1338 | D:1      | Learned a level 3 spell: Spider Form
  1611 | D:2      | Reached XP level 4. HP: 16/44 MP: 5/7
  2436 | D:3      | Reached skill level 4 in Unarmed Combat
  2487 | D:3      | Reached skill level 1 in Poison Magic
  2753 | D:3      | Reached XP level 5. HP: 53/53 MP: 8/8
  2909 | D:3      | Found a runed door.
  2909 | D:3      | Noticed Meatbag's ghost (amateur MiFi)
  3808 | D:4      | Found a shimmering altar of Xom.
  3809 | D:4      | Found a burning altar of Makhleb.
  3821 | D:4      | Became a worshipper of Makhleb the Destroyer
  4208 | D:4      | Reached XP level 6. HP: 49/61 MP: 5/9
  4224 | D:4      | Reached skill level 5 in Unarmed Combat
  4484 | D:4      | Noticed Eustachio
  4496 | D:4      | Killed Eustachio
  4688 | D:5      | Entered Level 5 of the Dungeon
  4737 | D:5      | Noticed Sigmund
  4738 | D:5      | Reached XP level 7. HP: 67/67 MP: 10/10
  4749 | D:5      | Killed Sigmund
  4749 | D:5      | Reached skill level 6 in Unarmed Combat
  4986 | D:5      | Found an opulent altar of Gozag.
  5026 | D:5      | Noticed Grinder
  5053 | D:5      | Killed Grinder
  5053 | D:5      | Reached skill level 7 in Unarmed Combat
  5053 | D:5      | Reached XP level 8. HP: 41/75 MP: 1/11
  5258 | D:5      | Noticed Prince Ribbit
  5272 | D:5      | Killed Prince Ribbit
  5272 | D:5      | Reached * piety under Makhleb
  5272 | D:5      | Reached skill level 5 in Transmutations
  5564 | D:5      | Reached skill level 8 in Unarmed Combat
  5729 | D:5      | Found a staircase to the Ecumenical Temple.
  6588 | D:6      | Reached skill level 9 in Unarmed Combat
  6643 | D:6      | Reached XP level 9. HP: 23/81 MP: 8/12
  6999 | D:6      | Noticed Blork the orc
  7008 | D:6      | Killed Blork the orc
  7323 | D:6      | Found Gere Vestef's Gadget Shoppe.
  7587 | D:7      | Reached ** piety under Makhleb
  7604 | D:7      | Reached skill level 10 in Unarmed Combat
  8196 | D:7      | Found a bloodstained altar of Trog.
  8196 | D:7      | Found a radiant altar of Vehumet.
  8374 | D:7      | Found an iron altar of Okawaru.
  8381 | D:7      | Found a snail-covered altar of Cheibriados.
  8382 | D:7      | Found a deep blue altar of Sif Muna.
  8382 | D:7      | Found a hazy altar of Hepliaklqana.
  8384 | D:7      | Found a hide-covered altar of Uskayaw.
  8385 | D:7      | Found a shattered altar of Ashenzari.
  8386 | D:7      | Found a shadowy altar of Dithmenos.
  8630 | D:7      | Learned a level 4 spell: Ice Form
  8904 | D:8      | Noticed Erica
  8918 | D:8      | Killed Erica
  8918 | D:8      | Reached skill level 5 in Dodging
  8918 | D:8      | Reached XP level 10. HP: 67/91 MP: 7/13
  9166 | D:8      | Reached skill level 11 in Unarmed Combat
 10489 | D:9      | Reached *** piety under Makhleb
 10493 | D:9      | Reached skill level 1 in Ice Magic
 10978 | D:9      | Identified the Catalogue of the Feathery Glacier
 11227 | D:10     | Entered Level 10 of the Dungeon
 11401 | D:10     | Found a staircase to the Lair.
 12013 | D:11     | Found Xacotid's Armour Shoppe.
 12241 | D:11     | Reached XP level 11. HP: 28/97 MP: 14/14
 12605 | Lair:1   | Entered Level 1 of the Lair of Beasts
 12749 | Lair:1   | Reached **** piety under Makhleb
 12938 | Lair:1   | Noticed Harold
 12972 | Lair:1   | Killed from afar by Harold

Vault maps used:
D:1:      ncdulo_wetmaze
D:3:      first_ration, hellmonk_ghost_happy_afterlife
D:4:      grunt_temple_overflow_champion_of_chaos, uniq_eustachio
D:5:      kennysheep_little_box, minmay_temple_entry_junction,
          grunt_decor_fettered, uniq_grinder, uniq_prince_ribbit1, uniq_sigmund
D:6:      serial_shops, nicolae_shop_behind_doors, uniq_blork_the_orc
D:7:      black_bear_nest_1, lemuel_round_altar, minitemple
D:8:      uniq_erica
D:9:      grunt_ogre_cave
D:10:     lair_entry_dummy
D:11:     ploomutoo_gammafunk_potion_laboratory, serial_shops,
          nicolae_shop_statue_plus, serial_bayou_pond_d, uniq_josephine
Lair:1:   beast_lair_carwin_large_3, uniq_harold

Skill      XL: |  1  2  3  4  5  6  7  8  9 10 11 |
---------------+----------------------------------+-----
Unarmed Combat | 3 4 5 7 9 10 11 | 11.8
Fighting       | 2 3 |  3.0
Transmutations | 2 3 4 5 6 |  6.8
Poison Magic   | 1 |  1.0
Dodging        | 5 6 |  6.0
Ice Magic      | 3 4 |  4.1
Spellcasting   | |  2.4

Action                   |  1- 3 |  4- 6 |  7- 9 | 10-12 || total
-------------------------+-------+-------+-------+-------++-------
Melee: Unarmed           |   132 |   199 |   294 |   282 ||   907
       Kick              |     1 |       |       |       ||     1
       Headbutt          |     1 |       |       |       ||     1
       Punch             |       |     3 |     4 |     4 ||    11
       Staff             |       |       |       |     9 ||     9
 Cast: Beastly Appendage |     3 |       |       |       ||     3
       Sticks to Snakes  |       |     3 |     6 |       ||     9
       Spider Form       |       |     4 |    29 |    36 ||    69
  Use: Scroll            |       |     8 |    13 |       ||    21
       Potion            |       |       |     1 |       ||     1
 Stab: Sleeping          |       |     3 |       |       ||     3
       Distracted        |       |       |     1 |       ||     1
  Eat: Chunk             |     2 |    11 |    17 |    18 ||    48
Armor: Robe              |    37 |    36 |    31 |    10 ||   114
       Skin              |       |       |    13 |     6 ||    19
       Troll leather arm |       |       |       |    17 ||    17
Dodge: Dodged            |    54 |   100 |   166 |   248 ||   568

Table legend:
 A = Spawn XP
 B = Non-spawn XP
 C = Spawn XP percentage of total XP
 D = Spawn monster count
 E = Non-spawn monster count
 F = Spawn count percentage of total count
 G = Total turns spent on level
                    A         B        C        D         E        F      G
               +---------+---------+-------+---------+---------+-------+---------
         Total |       0 |   10459 |   0.0 |       0 |     238 |   0.0 | 12972
               +---------+---------+-------+---------+---------+-------+---------
           D:1 |       0 |      34 |   0.0 |       0 |      18 |   0.0 |  1098
           D:2 |       0 |      83 |   0.0 |       0 |      20 |   0.0 |  1293
           D:3 |       0 |      99 |   0.0 |       0 |      20 |   0.0 |  1369
           D:4 |       0 |     350 |   0.0 |       0 |      14 |   0.0 |  1193
           D:5 |       0 |    1434 |   0.0 |       0 |      30 |   0.0 |  1508
           D:6 |       0 |     793 |   0.0 |       0 |      16 |   0.0 |   942
           D:7 |       0 |    1203 |   0.0 |       0 |      29 |   0.0 |  1228
           D:8 |       0 |    1978 |   0.0 |       0 |      25 |   0.0 |  1334
           D:9 |       0 |    1137 |   0.0 |       0 |      26 |   0.0 |  1262
          D:10 |       0 |    1778 |   0.0 |       0 |      28 |   0.0 |   924
          D:11 |       0 |     671 |   0.0 |       0 |       6 |   0.0 |   454
        Lair:1 |       0 |     899 |   0.0 |       0 |       6 |   0.0 |   367
               +---------+---------+-------+---------+---------+-------+---------
